Map: Pylon LE

Players

UndeadR

  • Race: Zerg Zerg
  • League: Master
  • Spawn Location: 11:00

ManlyManMeat - Winner!

  • Race: Terran Terran
  • League: Platinum
  • Spawn Location: 5:00

VOD

Have the link to the VOD?

Description

Time

  • Played on: June 19, 2025, 12:39 p.m.
  • Length: 12:32
Show
View Real Time Build Order
Export as new Build Order

UndeadR Zerg 

Build Orders: Hatch First 

Get SALT Encoding   

  12  0:02  Drone  
  13  0:13  Drone  
  14  0:16  Overlord  
  14  0:34  Drone  
  14  0:35  Drone  
  16  0:36  Drone  
  17  0:51  Hatchery  
  17  0:55  Drone  
  17  0:58  Drone  
  18  1:09  Extractor  
  17  1:14  Spawning Pool  
  17  1:16  Drone  
  17  1:20  Drone  
  18  1:29  Drone  
  19  1:39  Overlord  
  19  1:50  Drone  
  20  2:01  Drone  
  20  2:03  Queen x2  
  20  2:05  Drone  
  26  2:12  Zergling x2  
  26  2:15  Zergling x2  
  28  2:19  Metabolic Boost  
  29  2:22  Drone  
  29  2:27  Drone  
  30  2:33  Drone  
  30  2:36  Drone  
  32  2:45  Drone  
  32  2:51  Drone  
  34  2:54  Drone  
  34  2:57  Hatchery, Drone  
  34  3:14  Drone  
  34  3:15  Drone  
  34  3:17  Overlord x2  
  36  3:34  Queen x2  
  36  3:35  Drone x4  
  44  3:43  Drone x2  
  46  3:56  Zergling x12  
  46  3:58  Overlord  
  46  3:59  Overlord  
  52  4:09  Drone  
  55  4:10  Drone x2  
  55  4:23  Drone  
  56  4:25  Drone  
  56  4:26  Drone  
  56  4:27  Hatchery  
  57  4:35  Lair  
  57  4:40  Hatchery  
  53  5:10  Drone x12  
  65  5:20  Drone  
  67  5:21  Drone  
  67  5:37  Drone  
  67  5:38  Extractor x2  
  66  5:44  Drone  
  66  5:45  Hatchery, Drone  
  66  5:46  Hatchery, Drone x2  
  68  5:50  Extractor, Drone x2  
  68  5:51  Extractor  
  68  5:54  Extractor  
  67  5:57  Drone x2  
  67  5:59  Zergling x16  
  77  6:05  Baneling Nest  
  77  6:07  Evolution Chamber x2  
  77  6:09  Evolution Chamber, Drone  
  77  6:10  Drone x4, Hydralisk Den  
  77  6:11  Drone  
  78  6:12  Infestation Pit  
  78  6:14  Drone x2  
  78  6:15  Drone  
  78  6:16  Drone x2  
  82  6:21  Drone  
  82  6:24  Drone x2  
  82  6:25  Overlord x3  
  85  6:26  Overlord x2  
  84  6:37  Zergling x18  
  77  6:56  Queen x3  
  77  6:57  Queen x2  
  76  7:07  Zergling x30  
  81  7:19  Zergling x2  
  81  7:20  Zergling x14  
  82  7:27  Zergling x8  
  81  7:30  Baneling x4  
  81  7:31  Baneling  
  81  7:32  Baneling  
  78  7:51  Zergling x22  
  61  7:53  Baneling x2  
  63  8:05  Drone x3  
  55  8:06  Drone x3  
  55  8:08  Drone  
  55  8:11  Drone  
  50  8:20  Zergling x6  
  50  8:21  Zergling x2  
  49  8:32  Zergling x10  
  49  8:34  Drone  
  52  9:06  Spore Crawler  
  52  9:09  Drone x3  
  54  9:10  Drone x11  
  54  9:11  Drone  
  54  9:13  Drone x3  
  54  9:14  Drone  
  54  9:15  Drone  
  54  9:16  Drone  
  72  9:31  Spore Crawler  
  71  9:32  Spore Crawler  
  71  9:33  Spore Crawler  
  71  9:34  Spore Crawler  
  71  9:36  Zerg Melee Weapons Level 1  
  71  9:37  Zerg Missile Weapons Level 1  
  68  9:39  Spore Crawler  
  68  9:41  Zerg Ground Armor Level 1  
  60  10:05  Drone x12  
  60  10:06  Drone x4  
  76  10:09  Extractor, Drone  
  74  10:22  Hydralisk x4, Lurker Den  
  74  10:24  Hydralisk  
  83  10:32  Extractor  
  83  10:33  Drone x3  
  83  10:35  Drone x3  
  88  10:37  Drone  
  88  10:38  Drone x2  
  88  10:39  Drone x2  
  88  10:40  Drone  
  88  10:41  Drone  
  95  10:44  Spore Crawler  
  95  10:45  Drone  
  95  10:51  Spine Crawler  
  89  10:58  Zergling x18  
  89  10:59  Zergling x6  
  86  11:14  Zergling x8  
  86  11:15  Zergling x14  
  86  11:16  Zergling x2  
  94  11:26  Hydralisk x4  
  94  11:27  Hydralisk  
  94  11:30  Hydralisk  
  86  11:42  Hydralisk x4  
  91  11:50  Zergling x14  
  91  11:51  Zergling x2  
  73  12:03  Hydralisk  
  73  12:04  Hydralisk x4  
  44  12:16  Lurker  
Show
View Real Time Build Order
Export as new Build Order

ManlyManMeat Terran - Winner!

Build Orders: Reaper Expand 

Get SALT Encoding   

  12  0:00  SCV  
  13  0:12  SCV  
  14  0:17  Supply Depot  
  14  0:24  SCV  
  15  0:39  SCV  
  15  0:40  Barracks  
  16  0:44  Refinery  
  16  0:51  SCV  
  17  1:03  SCV  
  18  1:15  SCV  
  19  1:26  Reaper  
  19  1:27  Orbital Command  
  20  1:44  Command Center  
  20  1:56  Supply Depot  
  20  1:58  Marine  
  21  2:03  SCV  
  22  2:15  SCV  
  23  2:28  Barracks Reactor  
  23  2:33  Factory  
  23  2:35  SCV  
  24  2:50  SCV  
  25  2:51  Command Center  
  25  3:03  SCV  
  26  3:10  Orbital Command  
  26  3:15  SCV  
  26  3:19  Starport  
  27  3:22  Refinery  
  27  3:23  Barracks Tech Lab  
  27  3:36  Hellion  
  27  3:37  Hellion  
  31  3:41  Supply Depot  
  31  3:42  Marine  
  31  3:44  Stimpack  
  31  3:48  SCV x2  
  34  4:06  SCV x2  
  34  4:09  Hellion x2  
  39  4:11  Orbital Command, Marauder  
  41  4:17  Refinery  
  41  4:18  SCV  
  42  4:24  Barracks  
  42  4:28  Medivac  
  44  4:34  Engineering Bay x2  
  44  4:35  Supply Depot  
  44  4:43  Marine  
  44  4:44  Hellion  
  44  4:45  Hellion  
  49  4:46  SCV x2  
  47  5:08  Hellion  
  47  5:09  Hellion  
  47  5:12  Medivac  
  47  5:14  Barracks Reactor  
  53  5:15  Marine  
  53  5:17  SCV  
  53  5:18  SCV x2  
  53  5:20  Terran Infantry Weapons Level 1  
  53  5:21  Terran Infantry Armor Level 1  
  57  5:24  Armory  
  57  5:29  SCV  
  57  5:33  Hellion x2  
  62  5:39  Orbital Command  
  63  5:42  SCV  
  63  5:43  SCV  
  63  5:49  Starport Reactor  
  64  5:55  SCV x2, Barracks x2  
  64  5:56  Marine  
  64  5:57  Barracks  
  67  5:58  Hellion x2  
  71  6:07  SCV x2  
  73  6:14  Marine  
  74  6:31  Marine  
  70  6:49  Marine  
  71  7:00  Hellion x2  
  74  7:07  Marine  
  68  7:25  Marine, Hellion x2, Viking x2  
  68  7:27  SCV  
  77  7:41  SCV x3  
  77  7:46  Marine, Barracks Tech Lab x2  
  75  7:53  SCV  
  75  7:54  Barracks Reactor  
  76  8:04  Marine  
  64  8:22  Marine  
  65  8:37  Hellion  
  65  8:38  Medivac, Hellion  
  65  8:39  Medivac, Marine  
  65  8:41  Combat Shield  
  72  8:43  Marine x2  
  72  8:44  Marauder  
  72  8:45  SCV  
  77  8:52  Marauder  
  75  8:58  SCV  
  76  9:09  Terran Infantry Weapons Level 2  
  76  9:10  SCV, Terran Infantry Armor Level 2  
  76  9:11  Supply Depot x2, Hellion x2  
  76  9:14  SCV x2, Supply Depot  
  83  9:22  SCV  
  84  9:26  SCV  
  84  9:28  Refinery  
  84  9:29  Marine x4  
  84  9:30  Marine  
  84  9:31  Marauder  
  92  9:32  Medivac x2  
  92  9:33  Hellion x2, Marauder  
  102  9:48  Marine x4, Marauder  
  102  9:51  Marine  
  109  9:54  Marine  
  109  9:59  Terran Vehicle Weapons Level 1  
  106  10:00  Command Center  
  106  10:02  Supply Depot  
  106  10:04  Supply Depot  
  106  10:05  Command Center  
  106  10:06  Marine x4  
  110  10:16  Missile Turret  
  110  10:17  Missile Turret  
  110  10:18  Missile Turret x2, Command Center  
  110  10:20  Missile Turret  
  111  10:21  SCV x3  
  111  10:23  Marine x2  
  111  10:24  Marauder, Hellion  
  111  10:25  Hellion, Viking x2  
  125  10:33  SCV  
  126  10:40  Missile Turret  
  126  10:41  Marauder  
  128  11:01  Marine x2  
  128  11:02  Marine x5  
  125  11:09  Hellion x2  
  133  11:12  Medivac x2  
  127  11:37  Marine x4  
  127  11:38  Marine x3  
  130  11:40  Planetary Fortress  
  130  11:42  Planetary Fortress  
  130  11:43  SCV x3  
  131  11:55  SCV x3, Marine x2  
  132  12:03  Marine x5  
  132  12:07  SCV  
  132  12:08  SCV x2  
  137  12:19  SCV  
  137  12:20  SCV x2  
Tags
 
Add a new tag
Caveats
  • Supply blocks, unpowered buildings, or Contaminate may cause inaccurate times.
  • Supply counts are checked every 10 seconds.